 Dungeon Crawl Stone Soup version 0.30.0-29-ga12c61a403 (webtiles) character file.

Game seed: 10045313827909062183

4677 Irreverend the Protected (level 10, -2/89 HPs)
             Began as an Armataur Fighter on June 5, 2023.
             Was a Believer of Okawaru.
             Slain by a polar bear (23 damage)
             ... on level 8 of the Dungeon.
             The game lasted 00:13:43 (8011 turns).

Irreverend the Protected (Armataur Fighter)         Turns: 8011, Time: 00:13:43

Health: -2/89      AC: 13    Str: 25    XL:     10   Next: 21%
Magic:  8/10       EV:  8    Int: 12    God:    Okawaru [**....]
Gold:   498        SH:  7    Dex:  9    Spells: 9/9 levels left

rFire   . . .        r - +7 hand axe "Heriem" {flame, Int+4 Dex-2}
rCold   + . .        c - +0 buckler
rNeg    . . .        H - +0 chain mail
rPois   .            (no helmet)
rElec   .            A - +0 cloak
rCorr   .            (no gloves)
SInv    .            (no barding)
Will    .....        p - amulet of the acrobat Stlth
                     m - ring of protection from cold
HPRegen 0.34/turn    (no ring)
MPRegen 0.12/turn

%: acrobat, roll
@: heroic
A: large, rugged brown scales 3, deformed body, armoured tail, roll, long
tongue, awkward tongue
a: Renounce Religion, Heroism


You were on level 8 of the Dungeon.
You worshipped Okawaru.
Okawaru was pleased with you.
You visited 2 branches of the dungeon, and saw 9 of its levels.
You also visited: Bailey.

You collected 498 gold pieces.

Inventory:

Hand Weapons
 a - a +0 war axe
 r - the +7 hand axe "Heriem" (weapon) {flame, Int+4 Dex-2}
   (You found it on level 2 of the Dungeon)

   Int:       It affects your intelligence (+4).
   Dex:       It affects your dexterity (-2).
Armour
 b - a +0 scale mail
 c - a +0 buckler (worn)
 A - a +0 cloak (worn)
 H - a +0 chain mail (worn)
Jewellery
 i - a ring of ice
 m - a ring of protection from cold (left hand)
 p - an amulet of the acrobat (around neck)
Wands
 x - a wand of flame (26)
 C - a wand of mindburst (34)
 F - a wand of iceblast (9)
Scrolls
 f - a scroll of fog
 l - a scroll of enchant armour {unknown}
 n - a scroll of noise
 o - a scroll of enchant weapon
 q - a scroll of immolation
 s - 2 scrolls of teleportation
 t - a scroll of summoning
 v - 3 scrolls of magic mapping
 y - 2 scrolls of fear
 B - a scroll of torment
 I - 2 scrolls of poison
 J - 2 scrolls of blinking
Potions
 d - 3 potions of might
 e - 2 potions of invisibility {unknown}
 g - 2 potions of heal wounds {unknown}
 h - 2 potions of mutation {unknown}
 j - 4 potions of curing
 k - 5 potions of berserk rage {unknown}
 u - 3 potions of flight {unknown}
 w - a potion of resistance {unknown}
 z - 3 potions of haste
 D - a potion of degeneration {unknown}
 E - 2 potions of cancellation {unknown}
 G - a potion of attraction {unknown}


   Skills:
 + Level 6.7(11.7) Fighting
 * Level 8.2(13.2) Axes
 + Level 8.9(13.9) Armour
 + Level 8.0(13.0) Shields


You had 9 spell levels left.
You didn't know any spells.
Your spell library contained the following spells:

 Spells                   Type           Power      Damage    Failure   Level
 Apportation              Tloc           0%         N/A       77%         1
 Magic Dart               Conj           0%         1d3       77%         1
 Necrotise                Necr           0%         1d4       77%         1
 Shock                    Conj/Air       0%         1d3       77%         1
 Blink                    Tloc           0%         N/A       88%         2
 Cigotuvi's Dreadful Rot  Necr/Pois/Air  0%         N/A       88%         2
 Lesser Beckoning         Tloc           0%         N/A       88%         2
 Momentum Strike          Conj/Tloc      0%         3d8       88%         2
 Searing Ray              Conj           0%         2d4       88%         2
 Dazzling Flash           Conj/Hex       0%         N/A       98%         3
 Gell's Gravitas          Tloc           0%         N/A       98%         3
 Swiftness                Air            0%         N/A       98%         3
 Teleport Other           Tloc           0%         N/A       98%         3
 Volatile Blastmotes      Fire/Tloc      0%         2d10      98%         3
 Airstrike                Air            0%         2d(0-16)  100%        4
 Dispel Undead            Necr           0%         3d6       100%        4
 Fulminant Prism          Conj/Hex       0%         3d5       100%        4
 Iskenderun's Mystic Bla  Conj/Tloc      0%         2d3       100%        4
 Starburst                Conj/Fire      0%         6d3       100%        6
 Summon Small Mammal      Summ           Unusable   N/A       N/A         1
 Death Channel            Necr           Unusable   N/A       N/A         6

Dungeon Overview and Level Annotations

Branches:
Dungeon (8/15)             Temple (1/1) D:7          Bailey (visited)
   Lair: D:8-11

Altars:
Ashenzari
Cheibriados
Dithmenos
Elyvilon
Fedhas
Gozag
Hepliaklqana
Kikubaaqudgha
Makhleb
Nemelex Xobeh
Okawaru
Qazlal
Ru
Sif Muna
Trog
Vehumet
Wu Jian
Xom
Yredelemnul
Zin
The Shining One

Shops:
D:3 [   D:7 :


Innate Abilities, Weirdness & Mutations

You are completely covered in rugged brown scales. (AC +3, +7% HP)
Armour fits poorly on your strangely shaped body.
You have a long armoured tail.
You roll when moving toward enemies. (Rampage)
Your long tongue fully drains potion bottles. (2x potion effects)
Your tongue gives you trouble enunciating. (1.5x scroll delay)


Message History

You slash the polar bear! You burn the polar bear.
Your tail-slap misses the polar bear.
The polar bear is almost dead.
You hit the bullfrog. You burn the bullfrog.
The polar bear goes berserk!
The bullfrog hits you.
You hit the polar bear but do no damage.
The polar bear is almost dead.
You barely miss the bullfrog. The polar bear bites you!
The polar bear claws you but does no damage. x2
The bullfrog hits you but does no damage.
You block the polar bear's attack. The polar bear barely misses you.
The polar bear claws you but does no damage.
You completely miss the polar bear.
The polar bear is almost dead.
You hit the bullfrog. You burn the bullfrog.
The bullfrog hits you but does no damage.
The polar bear bites you!!
The polar bear claws you but does no damage.
The polar bear closely misses you. You block the bullfrog's attack.
You hit the polar bear. You burn the polar bear.
The polar bear is almost dead.
You hit the bullfrog. You burn the bullfrog. The polar bear bites you!!
* * * LOW HITPOINT WARNING * * *
The polar bear claws you but does no damage.
The polar bear claws you.
* * * LOW HITPOINT WARNING * * *
The bullfrog barely misses you.
You are too injured to fight recklessly!
You are too injured to fight recklessly!
You are too injured to fight recklessly!
You are too injured to fight recklessly!
You are too injured to fight recklessly!
You are too injured to fight recklessly!
You are too injured to fight recklessly!
You are too injured to fight recklessly!
You are too injured to fight recklessly!
You are too injured to fight recklessly!
You gain the combat prowess of a mighty hero.
The polar bear bites you!!
You die...

........~......#
................#
...#............#
.....##.###.....###
.###...###......#
.....#.......# ...
..........##
#hF#..†..#
#@...†#.## #
#.....##.## #
#.....###..# #
.....$..# ##.## ##
#.......##
##.######.
....()..##
#........ .......##
#........ ..#~~###
#........ ###
##.......


You could see a polar bear (berserk) and a bullfrog.

Vanquished Creatures
  A deep elf pyromancer (Bailey)
  An orc knight (Bailey)
  A rime drake (D:8)
  Grinder (D:3)
  A shadow (D:7)
  3 water moccasins
  6 orc warriors
  2 ice beasts (D:8)
  An ogre (D:6)
  2 sky beasts
  2 phantoms (D:6)
  A wolf (D:8)
  2 centaurs
  Blork the orc (D:5)
  2 bullfrogs
  A gnoll sergeant (D:6)
  A kobold brigand (D:7)
  3 scorpions
  4 killer bees (D:7)
  A howler monkey (D:4)
  A jelly (D:5)
  5 hounds
  4 orc priests
  A sleepcap (D:5)
  Ijyb (D:4)
  3 iguanas
  5 orc wizards
  Robin (D:3)
  4 gnolls (D:6)
  6 adders
  4 white imps
  2 dart slugs
  3 worms
  22 orcs
  9 endoplasms
  2 giant cockroaches (D:4)
  26 goblins
  7 hobgoblins
  2 quokkas
  8 ball pythons
  7 bats
  6 frilled lizards
  13 kobolds
  3 rats
182 creatures vanquished.

Notes
Turn   | Place    | Note
-------+----------+-------------------------------------------
     0 | D:1      | Irreverend the Armataur Fighter began the quest for the
                  | Orb.
     0 | D:1      | Reached XP level 1. HP: 19/19 MP: 1/1
   137 | D:1      | Found a faded altar of an unknown god.
   215 | D:1      | Reached XP level 2. HP: 24/26 MP: 2/2
  1311 | D:2      | Reached XP level 3. HP: 28/33 MP: 3/3
  1423 | D:2      | Identified the +3 whip of the Forging Penguin {spect,
                  | rCorr}
  1673 | D:2      | Identified the +7 hand axe "Heriem" {flame, Int+4 Dex-2}
  2019 | D:3      | Reached XP level 4. HP: 34/40 MP: 4/4
  2090 | D:3      | Found a stormy altar of Qazlal.
  2091 | D:3      | Found an opulent altar of Gozag.
  2091 | D:3      | Found a broken altar of Ashenzari.
  2187 | D:3      | Found a glowing silver altar of Zin.
  2229 | D:3      | Reached XP level 5. HP: 40/48 MP: 5/5
  2278 | D:3      | Noticed Robin
  2303 | D:3      | Killed Robin
  2347 | D:3      | You fall into a shaft and drop 3 floors!
  2399 | D:6      | Noticed a phantom
  2415 | D:6      | Killed a phantom
  2416 | D:6      | Reached XP level 6. HP: 39/55 MP: 6/6
  2526 | D:6      | Reached skill level 5 in Armour
  2889 | D:5      | Entered Level 5 of the Dungeon
  2893 | D:5      | Noticed Blork the orc
  2901 | D:5      | Killed Blork the orc
  2902 | D:5      | Reached XP level 7. HP: 57/63 MP: 7/7
  3045 | D:4      | Reached skill level 5 in Shields
  3212 | D:4      | Noticed Ijyb
  3218 | D:4      | Killed Ijyb
  3377 | D:3      | Found Risohaen's Armour Shop.
  3410 | D:3      | Noticed Grinder
  3412 | D:3      | Paralysed by Grinder for 3 turns
  3424 | D:3      | Paralysed by Grinder for 5 turns
  3434 | D:3      | Killed Grinder
  3435 | D:3      | Reached skill level 5 in Axes
  4042 | D:4      | Reached XP level 8. HP: 71/71 MP: 8/8
  4980 | D:5      | Reached skill level 5 in Fighting
  6016 | D:7      | Reached XP level 9. HP: 77/79 MP: 9/9
  6241 | D:7      | Found a staircase to the Ecumenical Temple.
  6252 | Temple   | Entered the Ecumenical Temple
  6257 | Temple   | Became a worshipper of Warmaster Okawaru
  6328 | D:7      | Found a flagged portal.
  6339 | Bailey   | Entered a bailey
  6706 | Bailey   | Found a large runed translucent door.
  6706 | Bailey   | Found a large runed translucent door.
  6707 | Bailey   | Noticed a deep elf pyromancer
  6707 | Bailey   | Noticed an orc knight
  6733 | Bailey   | Killed an orc knight
  6733 | Bailey   | Reached * piety under Okawaru
  7091 | Bailey   | Killed a deep elf pyromancer
  7105 | Bailey   | Identified the staff of earth "Goiwkim" {+Blink}
  7446 | D:7      | Reached XP level 10. HP: 87/89 MP: 10/10
  7596 | D:7      | Found Wadopn's Tiny Tomes.
  7988 | D:8      | Reached ** piety under Okawaru
  8011 | D:8      | Slain by a polar bear

Illustrated notes

Levels and vault maps discovered:
D:1:      co_arrival_square_in_a_square_in_a_square, layout_basic,
          shapermc_ecumenical_altar_ellora, st_stairs_12, skrybe_limestone_x
D:2:      layout_loops_cross, minmay_gold_behind_fungi, minmay_domino_4
D:3:      layout_loops_ring, zin_statuary, grunt_temple_overflow_open,
          serial_shops, nicolae_shop_tiny_real_fake_doors, minmay_statues_item,
          minmay_misc_feat_doors, uniq_grinder, uniq_robin
D:4:      layout_basic, uniq_ijyb
D:5:      layout_basic, grunt_ministairs_6, kennysheep_generic_room_5,
          uniq_blork_the_orc
D:6:      layout_loops_ring, roderic_cross_of_infinity
D:7:      layout_basic, minmay_temple_entry_ruins, enter_bailey_3,
          nicolae_shop_i_like_small_books_too, hangedman_decor_diamond_cutter
D:8:      layout_cave_pods, hellmonk_lair_entry_icy, uniq_pikel
Temple:   sentei_temple_godly_chess

Skill      XL: |  1  2  3  4  5  6  7  8  9 10 |
---------------+-------------------------------+-----
Axes           | 2 3 4 5 6 7 8 |  8.2
Fighting       | 3 4 5 6 |  6.7
Armour         | 4 5 6 7 8 |  8.9
Shields        | 4 5 6 7 8 |  8.0

Action                     |  1- 3 |  4- 6 |  7- 9 | 10-12 || total
---------------------------+-------+-------+-------+-------++-------
  Melee: War axe           |    80 |       |       |       ||    80
         Tailslap          |     7 |     7 |    31 |     2 ||    47
         Hand axe          |    29 |    83 |   253 |    45 ||   410
 Invoke: Heroism           |       |       |       |     1 ||     1
    Use: Potion            |       |     1 |     4 |       ||     5
         Scroll            |       |       |    12 |       ||    12
   Stab: Distracted        |       |     1 |       |       ||     1
 Armour: Scale mail        |    39 |    28 |    29 |       ||    96
         Chain mail        |       |       |    58 |    27 ||    85
  Dodge: Dodged            |    31 |    18 |    52 |    10 ||   111
  Block: Buckler           |    26 |     9 |    42 |    16 ||    93
